 Dungeon Crawl Stone Soup version 0.29-a0-275-g389c0b56f3 (webtiles) character file.

Game seed: 10843800940314630981

213 Murumi the Skirmisher (level 5, 59/59 HPs)
             Began as an Ogre Gladiator on Mar 12, 2022.
             Was a Follower of Yredelemnul.
             Quit the game on level 2 of the Dungeon.
             The game lasted 00:05:40 (2058 turns).

Murumi the Skirmisher (Ogre Gladiator)              Turns: 2058, Time: 00:05:40

Health: 59/59      AC:  3    Str: 18    XL:     5   Next: 90%
Magic:  5/5        EV: 10    Int: 11    God:    Yredelemnul [*.....]
Gold:   91         SH:  0    Dex: 10    Spells: 4/4 levels left

rFire   . . .      SeeInvis .   a - +1 flail
rCold   . . .      Faith    .   (no shield)
rNeg    . . .      Spirit   .   b - +0 robe
rPois   .          Reflect  .   c - +0 hat
rElec   .          Harm     .   (no cloak)
rCorr   .          Rampage  .   (gloves unavailable)
Will    .....                   (boots unavailable)
Stlth   +.........              (no amulet)
HPRegen 0.19/turn               (no ring)
MPRegen 0.09/turn               (no ring)

@: no status effects
A: large, unfitting armour, tough skin 1
a: Renounce Religion, Recall Undead Harvest


You were on level 2 of the Dungeon.
You worshipped Yredelemnul.
Yredelemnul was noncommittal.
You visited 1 branch of the dungeon, and saw 2 of its levels.

You collected 91 gold pieces.

Inventory:

Hand Weapons
 a - a +1 flail (weapon)
Missiles
 d - 3 throwing nets
 e - a large rock
 g - 55 stones (quivered)
 j - 5 poisoned darts
Armour
 b - a +0 robe (worn)
 c - a +0 hat (worn)
Scrolls
 h - a scroll of identify
Potions
 f - 2 potions of brilliance
 k - 3 potions of heal wounds


   Skills:
 - Level 6.0 Fighting
 - Level 3.0 Maces & Flails
 + Level 3.1 Throwing
 - Level 1.0 Armour
 - Level 3.0 Dodging
 - Level 1.0 Stealth


You had 4 spell levels left.
You didn't know any spells.
Your spell library contained the following spells:

 Spells                   Type           Power      Damage    Failure   Level
 Frozen Ramparts          Ice            0%         1d2       71%         3
 Ice Form                 Ice/Tmut       0%         N/A       98%         4
 Summon Ice Beast         Ice/Summ       0%         N/A       98%         4


Dungeon Overview and Level Annotations

Branches:
Dungeon (2/15)

Altars:
Yredelemnul


Innate Abilities, Weirdness & Mutations

You are too large for most types of armour.
You have tough skin. (AC +1)


Message History

Aim: an endoplasm (86% to hit)
You throw a stone. The stone hits the endoplasm.
The endoplasm is severely wounded.
Throw: 55 stones
Press: ? - help, Q - select action, (/) - cycle Shift-Dir - straight line, f/p - endoplasm
Aim: an endoplasm (severely wounded, 86% to hit)
You throw a stone.
The stone hits the endoplasm but does no damage.
The endoplasm is severely wounded.
Throw: 54 stones
Press: ? - help, Q - select action, (/) - cycle Shift-Dir - straight line, f/p - endoplasm
Aim: an endoplasm (severely wounded, 86% to hit)
You throw a stone.
The stone hits the endoplasm but does no damage.
The endoplasm is severely wounded.
Throw: 53 stones
Press: ? - help, Q - select action, (/) - cycle Shift-Dir - straight line, f/p - endoplasm
Aim: an endoplasm (severely wounded, 86% to hit)
You throw a stone. The stone hits the endoplasm.
You kill the endoplasm!
g - 53 stones (gained 1)
g - 54 stones (gained 1)
g - 55 stones (gained 1)
A rat comes into view.
The rat bites you.
You hit the rat.
You kill the rat!
No target in view!
You see here a rat corpse.
Found a faded altar of an unknown god.
(D) Dungeon
Where to? (Enter - D:1 @ (x,y), ? - help)
Okay, then.
Search for what [Enter for "."]? god
There is a faded altar of an unknown god here.
You cannot tell which god this altar belongs to.
Convert to them anyway?
Yredelemnul accepts your prayer! Yredelemnul welcomes you!
You can now reap souls.
You can now recall your undead harvest.
Are you sure you want to abandon this character and quit the game? (Confirm with "yes".) ......># .......# ##.##### ...# ##.# ##.# ### #### ##.# #<# ZZ#

##.# #.# #Z# ...#
#.. #@# #### #.##
#.# # ### #Z# # #.#
# ##############.##
###...............#
..#.###############
#.#.# ..#.#


You could see a friendly bat zombie, a friendly ball python zombie, a friendly
adder zombie and a friendly quokka zombie.

Vanquished Creatures
  Sigmund (D:2)
  A worm (D:2)
  A dart slug (D:1)
  An endoplasm (D:2)
  3 giant cockroaches
  7 goblins
  2 hobgoblins
  7 jackals (D:1)
  4 kobolds
  2 quokkas (D:2)
  3 ball pythons
  4 bats
  4 frilled lizards
  3 rats
43 creatures vanquished.

Notes
Turn   | Place    | Note
-------+----------+-------------------------------------------
     0 | D:1      | Murumi the Ogre Gladiator began the quest for the Orb.
     0 | D:1      | Reached XP level 1. HP: 22/22 MP: 1/1
    48 | D:1      | Reached skill level 3 in Fighting
   314 | D:1      | Reached XP level 2. HP: 20/31 MP: 2/2
   915 | D:1      | Reached XP level 3. HP: 39/39 MP: 3/3
  1009 | D:1      | Reached skill level 4 in Fighting
  1505 | D:2      | Noticed Sigmund
  1518 | D:2      | Killed Sigmund
  1519 | D:2      | Reached skill level 1 in Armour
  1519 | D:2      | Reached skill level 1 in Stealth
  1519 | D:2      | Reached skill level 5 in Fighting
  1519 | D:2      | Reached XP level 4. HP: 34/52 MP: 4/4
  1519 | D:2      | Reached XP level 5. HP: 39/59 MP: 5/5
  1678 | D:2      | Reached skill level 6 in Fighting
  2050 | D:2      | Found a faded altar of an unknown god.
  2057 | D:2      | Prayed at the altar of an unknown god.
  2057 | D:2      | Became a worshipper of Yredelemnul the Dark
  2057 | D:2      | Reached * piety under Yredelemnul
  2058 | D:2      | Quit the game

Illustrated notes

Levels and vault maps discovered:
D:1:      denvon_arrival_hothouse, layout_loops_ring
D:2:      layout_basic, basic_ecumenical_altar, uniq_sigmund

Skill      XL: |  1  2  3  4  5 |
---------------+----------------+-----
Fighting       | 3 5 6 |  6.0
Maces & Flails | 3 |  3.0
Dodging        | 3 |  3.0
Armour         | 1 |  1.0
Stealth        | 1 |  1.0
Throwing       | 3 |  3.1

Action                   |  1- 3 |  4- 6 || total
-------------------------+-------+-------++-------
Melee: Flail             |    99 |    13 ||   112
       Punch             |     2 |       ||     2
Throw: Stone             |    48 |    18 ||    66
       Throwing net      |     3 |       ||     3
       Dart              |     3 |       ||     3
  Use: Scroll            |     4 |       ||     4
 Stab: Held in net/web   |     1 |       ||     1
Armor: Robe              |    28 |     4 ||    32
Dodge: Dodged            |    68 |     2 ||    70

Table legend: (Time is in decaauts)
 A = Elapsed time spent in this place.
 B = Non-inter-level travel time spent in this place.
 C = Inter-level travel time spent in this place.
 D = Time resting spent in this place.
 E = Time spent auto-exploring this place.
 F = Levels seen in this place.
 G = Mean time per level.
                   A        B        C        D        E       F      G
               +--------+--------+--------+--------+--------+-----+--------+
         Total |   2085 |   2005 |     80 |      0 |   1660 |   2 | 1042.5 |
       Dungeon |   2085 |   2005 |     80 |      0 |   1660 |   2 | 1042.5 |
               +--------+--------+--------+--------+--------+-----+--------+

Top non-repeatable levels by time:
     D:1: 1333 daAuts
     D:2: 752 daAuts
